 Dungeon Crawl Stone Soup version 0.22-a0-322-g60b3cfd (webtiles) character file.

506 b5mith the Poker (level 6, -11/57 HPs)
             Began as a Minotaur Monk on Apr 2, 2018.
             Mangled by an ogre
             ... wielding a +0 giant club
              (27 damage)
             ... on level 4 of the Dungeon.
             The game lasted 00:11:55 (3257 turns).

b5mith the Poker (Minotaur Monk)                    Turns: 3257, Time: 00:11:56

Health: -11/57     AC:  7    Str: 18    XL:     6   Next: 97%
Magic:  5/5        EV: 13    Int:  7    God:
Gold:   148        SH:  0    Dex: 12    Spells: 5/5 levels left

rFire    . . .     SeeInvis .   a - +0 spear
rCold    . . .     Gourm    .   (no shield)
rNeg     . . .     Faith    .   q - +0 ring mail (curse)
rPois    .         Spirit   .   (helmet restricted)
rElec    .         Reflect  .   v - +0 cloak
rCorr    .         Harm     .   (no gloves)
MR       .....                  (no boots)
Stlth    +.........             (no amulet)
HPRegen  0.19/turn              (no ring)
MPRegen  0.09/turn              (no ring)

@: no status effects
A: retaliatory headbutt, horns 2
a: no special abilities


You were on level 4 of the Dungeon.
You were not hungry.

You visited 1 branch of the dungeon, and saw 4 of its levels.

You collected 148 gold pieces.

Inventory:

Hand Weapons
 a - a +0 spear (weapon)
 b - a +0 hunting sling
Missiles
 h - 147 stones (quivered)
 k - 4 tomahawks
 l - 2 exploding tomahawks
 s - 33 sling bullets
Armour
 i - a +0 robe
 q - a cursed +0 ring mail (worn)
 v - a +0 cloak (worn)
Jewellery
 o - an uncursed ring of protection from fire
Scrolls
 d - a scroll of blinking {unknown}
 f - a scroll of amnesia {unknown}
 g - 6 scrolls of identify {@r1}
 m - a scroll of magic mapping {unknown}
 n - a scroll of teleportation {unknown}
 p - a scroll of fog {unknown}
Potions
 e - 2 potions of might {unknown}
 j - 4 potions of heal wounds {unknown}
 r - 4 potions of curing {@q1}
 t - a potion of flight {unknown}
Comestibles
 c - 4 rations
 u - 3 chunks of flesh


   Skills:
 + Level 5.6 Fighting
 + Level 5.6 Polearms
 + Level 4.1 Armour
 + Level 5.1 Dodging
 - Level 1.5 Stealth


You had 5 spell levels left.
You didn't know any spells.

Dungeon Overview and Level Annotations

Branches:
Dungeon (4/15)
 Temple: D:4-7

Altars:
Cheibriados

Annotations:
D:3 Grinder; Think's ghost, amateur GnWn


Innate Abilities, Weirdness & Mutations

You reflexively headbutt those who attack you in melee.
You have a pair of horns on your head.


Message History

The ogre is heavily wounded.
Firing (i - inventory. (/) - cycle)
s - 35 sling bullets (quivered)
Press: ? - help, Shift-Dir - straight line, f/p - ogre
Aim: an ogre, wielding a giant club (heavily wounded)
You shoot a sling bullet. The sling bullet hits the ogre.
The ogre is heavily wounded.
Firing (i - inventory. (/) - cycle)
s - 34 sling bullets (quivered)
Press: ? - help, Shift-Dir - straight line, f/p - ogre
Aim: an ogre, wielding a giant club (heavily wounded)
You shoot a sling bullet. The sling bullet hits the ogre!
The ogre is almost dead.
a - a +0 spear (weapon)
The ogre hits you with a giant club.
* * * LOW HITPOINT WARNING * * *
You hit the ogre but do no damage.
The ogre is almost dead.
You hit the ogre.
The ogre is almost dead.
The ogre hits you with a giant club!!
You die...

# #.##.##.....
..............
...#.#.........
# ..............
.. #.#....$...#
.. ..........#
###.####.......#
........<.((O@.#
#....(((......#
......#.########
...............
......#....####
...##.#....# ..
# .h...# .
...... ..h....


You could see an ogre.

Vanquished Creatures
  Sigmund (D:3)
  A water moccasin (D:4)
  A howler monkey (D:4)
  A hound (D:4)
  Jessica (D:3)
  An orc wizard (D:3)
  5 adders
  An ooze (D:1)
  2 dart slugs (D:1)
  3 leopard geckos
  4 orcs (D:3)
  2 ball pythons
  6 giant cockroaches
  8 goblins
  A hobgoblin (D:1)
  5 jackals
  10 kobolds
  A quokka (D:2)
  8 bats
  A frilled lizard (D:1)
  6 rats
69 creatures vanquished.

Vanquished Creatures (others)
  An orc (D:2)
1 creature vanquished.

Grand Total: 70 creatures vanquished

Notes
Turn   | Place    | Note
-------+----------+-------------------------------------------
     0 | D:1      | b5mith the Minotaur Monk began the quest for the Orb.
     0 | D:1      | Reached XP level 1. HP: 19/19 MP: 0/0
   420 | D:1      | Reached XP level 2. HP: 27/27 MP: 1/1
   470 | D:1      | Reached skill level 1 in Armour
   581 | D:1      | Reached XP level 3. HP: 31/33 MP: 2/2
  1420 | D:2      | Found a snail-covered altar of Cheibriados.
  1483 | D:3      | Noticed Sigmund
  1491 | D:3      | Noticed Jessica
  1700 | D:3      | Noticed Grinder
  1702 | D:3      | Paralysed by Grinder for 4 turns
  2121 | D:3      | Reached XP level 4. HP: 40/40 MP: 3/3
  2169 | D:3      | Killed Jessica
  2219 | D:3      | Killed Sigmund
  2219 | D:3      | Reached skill level 5 in Fighting
  2219 | D:3      | Reached skill level 5 in Polearms
  2219 | D:3      | Reached XP level 5. HP: 8/48 MP: 4/4
  2219 | D:3      | Reached XP level 6. HP: 10/56 MP: 5/5
  2697 | D:3      | Noticed Think's ghost (amateur GnWn)
  2886 | D:3      | Paralysed by Grinder for 2 turns
  2892 | D:3      | Paralysed by Grinder for 4 turns
  3195 | D:4      | Noticed a water moccasin
  3212 | D:4      | Killed a water moccasin
  3212 | D:4      | Reached skill level 5 in Dodging
  3257 | D:4      | Mangled by an ogre

Vault maps used:
D:1:      kennysheep_arrival_forest
D:2:      lemuel_doored_altar
D:3:      portal_sewer_entry_f, uniq_jessica, uniq_sigmund, uniq_grinder
D:4:      minmay_overflow_temple_star_hex, grunt_gozag_breadcrumbs,
          serial_shops, nicolae_shop_stone

Skill      XL: |  1  2  3  4  5  6 |
---------------+-------------------+-----
Armour         | 1 2 3 4 |  4.1
Fighting       | 4 5 |  5.6
Polearms       | 4 5 |  5.6
Dodging        | 4 5 |  5.1
Stealth        | |  1.5

Action                   |  1- 3 |  4- 6 || total
-------------------------+-------+-------++-------
Melee: Spear             |    79 |    95 ||   174
       Headbutt          |     9 |    16 ||    25
 Fire: Hunting sling     |    38 |    31 ||    69
  Use: Scroll            |     3 |       ||     3
  Eat: Chunk             |     2 |     2 ||     4
       Ration            |     1 |       ||     1
Armor: Robe              |    10 |       ||    10
       Ring mail         |     3 |    41 ||    44
Dodge: Dodged            |    46 |    54 ||   100

Table legend:
 A = Spawn XP
 B = Non-spawn XP
 C = Spawn XP percentage of total XP
 D = Spawn monster count
 E = Non-spawn monster count
 F = Spawn count percentage of total count
 G = Total turns spent on level
                    A         B        C        D         E        F      G
               +---------+---------+-------+---------+---------+-------+---------
         Total |       0 |     723 |   0.0 |       0 |      69 |   0.0 |  3257
               +---------+---------+-------+---------+---------+-------+---------
           D:1 |       0 |      51 |   0.0 |       0 |      26 |   0.0 |   862
           D:2 |       0 |      34 |   0.0 |       0 |      14 |   0.0 |  1705
           D:3 |       0 |     381 |   0.0 |       0 |      23 |   0.0 |   616
           D:4 |       0 |     257 |   0.0 |       0 |       6 |   0.0 |    74
               +---------+---------+-------+---------+---------+-------+---------
